 Dungeon Crawl Stone Soup version 0.23.0-3-gf3c87f2 (webtiles) character file.

Game seed: 5744552113988691255

23858 Borgoz the Covert (level 13, -2/76 HPs)
             Began as a Gargoyle Enchanter on Feb 23, 2019.
             Slain by a polar bear (20 damage)
             ... in an ice cave.
             The game lasted 00:49:34 (13968 turns).

Borgoz the Covert (Gargoyle Enchanter)             Turns: 13968, Time: 00:49:34

Health: -2/76      AC: 22    Str: 12    XL:     13   Next: 9%
Magic:  17/17      EV: 16    Int: 17    God:
Gold:   943        SH:  0    Dex: 14    Spells: 10/16 levels left

rFire    x . .     SeeInvis +   c - +2 dagger (flame)
rCold    + . .     Gourm    .   (no shield)
rNeg     + . .     Faith    .   Q - +0 troll leather armour
rPois    ∞         Spirit   .   V - +1 hat {SInv}
rElec    +         Reflect  .   H - scarf {repulsion}
rCorr    .         Harm     .   A - +0 pair of gloves
MR       .....                  (no boots)
Stlth    +++++.....             s - amulet of regeneration
HPRegen  1.02/turn              a - +6 ring of protection
MPRegen  0.15/turn              K - ring of ice

@: repel missiles
A: slimy green scales 1, deformed body, high mp 1, negative energy resistance 1,
electricity resistance, unbreathing, petrification resistance, rot immunity, AC
+9
a: no special abilities


You were in an ice cave.
You were not hungry.

You visited 1 branch of the dungeon, and saw 13 of its levels.
You also visited: Ossuary and Ice Cave.

You collected 943 gold pieces.

Inventory:

Hand Weapons
 c - a +2 dagger of flaming (weapon)
Missiles
 f - 57 poisoned needles
 W - 4 throwing nets (quivered)
Armour
 A - a +0 pair of gloves (worn)
 H - a scarf of repulsion (worn)
 N - a +2 shield
 Q - a +0 troll leather armour (worn)
 V - a +1 hat of see invisible (worn)
Jewellery
 a - a +6 ring of protection (left hand)
 s - an amulet of regeneration (around neck)
 z - an uncursed ring of fire {unknown}
 B - a +2 ring of dexterity
 J - an uncursed ring of resist corrosion
 K - a ring of ice (right hand)
Wands
 b - a wand of random effects (9)
 q - a wand of scattershot (5)
 C - a wand of disintegration (8)
 E - a wand of iceblast (22)
 F - a wand of polymorph (5)
 M - a wand of enslavement (11)
 R - a wand of acid (8)
 X - a wand of digging (1)
Scrolls
 e - 2 scrolls of immolation {unknown}
 g - 2 scrolls of fear {unknown}
 h - 4 scrolls of enchant weapon {unknown}
 i - 3 scrolls of enchant armour
 j - 6 scrolls of remove curse
 n - 5 scrolls of fog
 o - 4 scrolls of teleportation
 p - a scroll of identify
 r - a scroll of blinking {unknown}
 t - a scroll of acquirement {unknown}
 y - 2 scrolls of magic mapping
Potions
 k - 9 potions of curing
 l - 6 potions of brilliance
 m - 3 potions of heal wounds
 u - 4 potions of lignification
 v - a potion of haste
 x - a potion of magic
 I - 3 potions of flight
Miscellaneous
 L - a sack of spiders
Comestibles
 d - 18 rations
 w - 3 chunks of flesh


   Skills:
 + Level 7.0 Fighting
 + Level 9.8 Short Blades
 + Level 3.6 Armour
 + Level 7.5 Dodging
 + Level 14.1 Stealth
 - Level 2.1 Spellcasting
 + Level 9.0 Hexes
 + Level 1.1 Evocations


You had 10 spell levels left.
You knew the following spells:

 Your Spells              Type           Power        Failure   Level  Hunger
a - Corona                Hex            ####...      1%          1    #......
b - Ensorcelled Hibernat  Hex/Ice        ####..       6%          2    ###....
c - Confuse               Hex            ####....     1%          3    ###....

Your spell library contained the following spells:

 Spells                   Type           Power        Failure   Level  Hunger
 Confusing Touch          Hex            ####..       1%          1    #......
 Tukima's Dance           Hex            ####....     1%          3    ###....
 Dazzling Spray           Conj/Hex       ###...       12%         3    ###....
 Magic Dart               Conj           #...         24%         1    #......
 Searing Ray              Conj           #.....       36%         2    ###....
 Fulminant Prism          Conj/Hex       ###.......   36%         4    #####..
 Gell's Gravitas          Tloc           #.........   58%         3    ###....
 Metabolic Englaciation   Hex/Ice        ####......   71%         5    ######.
 Yara's Violent Unravell  Hex/Tmut       ###.......   71%         5    ######.
 Force Lance              Conj/Tloc      #.......     94%         4    #####..
 Iskenderun's Mystic Bla  Conj           #.......     94%         4    #####..
 Petrify                  Tmut/Erth      #.......     94%         4    #####..


Dungeon Overview and Level Annotations

Branches:
Dungeon (13/15)            Temple (0/1) D:6            Lair (0/6) D:11
    Orc (0/2) D:10
 Vaults: D:13-14

Altars:
Ashenzari
Cheibriados
Elyvilon
Fedhas
Hepliaklqana
Kikubaaqudgha
Makhleb
Okawaru
Qazlal
Trog
Vehumet
Xom
Yredelemnul
The Shining One

Shops:
D:9 }(}:

Annotations:
D:7 2 transporters


Innate Abilities, Weirdness & Mutations

You are resistant to torment.
Your stone body is resilient. (AC +9)
You are immune to poison.
You resist negative energy. (rN+)
You are resistant to electric shocks. (rElec)
You can survive without breathing.
You are immune to petrification.
You are immune to rotting.
You are partially covered in slimy green scales. (AC +2)
Armour fits poorly on your strangely shaped body.
You have an increased reservoir of magic. (+10% MP)


Message History

The polar bear is almost dead.
You hit the polar bear but do no damage.
The polar bear is almost dead.
The polar bear bites you.
* * * LOW HITPOINT WARNING * * *
The polar bear completely misses you. The polar bear barely misses you.
You hit the polar bear but do no damage.
The polar bear is almost dead.
The polar bear misses you.
The polar bear claws you but does no damage.
The polar bear claws you.
* * * LOW HITPOINT WARNING * * *
You hit the polar bear. You burn the polar bear.
The polar bear is almost dead.
The polar bear barely misses you. The polar bear misses you.
The polar bear claws you but does no damage.
You hit the polar bear but do no damage.
The polar bear is almost dead.
The polar bear bites you!!
You die... ##.## ##..# #..# ##.# ##..# ##÷# #..## #.## .YY #.## #.## #hY# #..# #..# #..h# #..# ##.# #YkY

##.#
##.#
#..###@#
###.##
#..Y#h##
#.#.#
#..#k#
##...#
#...#
#.#.##
##.##
##.##.#
### #.##
## #..#
##.##
#..#


You could see a polar bear (berserk) and a rime drake.

Vanquished Creatures
  Gastronok (D:12)
  Harold (D:11)
  A hydra (D:13)
  2 death yaks (IceCv)
  Urug (D:12)
  Pikel (D:6)
  2 deep elf magi
  A cyclops (D:12)
  2 centaur zombies (D:13)
  An ice statue (IceCv)
  2 gargoyles
  2 ice devils (D:13)
  2 trolls
  A hornet (D:12)
  9 polar bears (IceCv)
  3 hippogriffs
  A centaur simulacrum (D:13)
  2 wraiths
  Eustachio (D:6)
  2 wyverns
  A human (D:7)
  4 hogs (D:7)
  3 hungry ghosts
  15 yaks
  A vampire mosquito (D:13)
  A soldier ant (D:10)
  A water moccasin (D:9)
  2 porcupines (D:11)
  3 orc warriors
  5 sky beasts
  A necrophage (D:3)
  4 black bears
  3 ice beasts
  3 ogres
  2 phantoms
  14 wolves (IceCv)
  6 centaurs
  A crocodile (D:11)
  7 bullfrogs
  3 elf zombies (D:4)
  2 big kobolds
  2 gnoll sergeants
  2 elf skeletons (D:4)
  4 scorpions
  12 wights
  4 killer bees (D:9)
  An electric eel (D:7)
  3 howler monkeys
  4 crimson imps
  A bullfrog zombie (D:6)
  A quasit (D:10)
  A gnoll shaman (D:6)
  5 hounds
  4 jellies
  7 orc priests
  11 orc wizards
  4 centaur skeletons
  2 human skeletons (D:4)
  2 bullfrog skeletons
  2 iguanas
  5 worker ants
  A hound zombie (D:7)
  A hound skeleton (D:8)
  8 mummies (Ossuary)
  2 worker ant zombies
  A howler monkey zombie (D:8)
  20 gnolls
  A howler monkey skeleton (D:7)
  11 adders
  2 shadow imps
  An ooze (D:6)
  2 adder skeletons (D:4)
  3 worms
  4 dart slugs
  5 leopard geckos
  35 orcs
  5 giant cockroaches
  2 gnoll zombies (Ossuary)
  11 goblins
  11 hobgoblins
  3 jackals (D:4)
  A quokka (D:3)
  2 ball pythons
  A ball python skeleton (D:5)
  9 bats
  6 frilled lizards
  5 hobgoblin zombies (Ossuary)
  16 kobolds
  A kobold zombie (Ossuary)
  An orc skeleton (D:4)
  3 orc zombies (D:4)
  2 quokka skeletons
  A quokka zombie (D:2)
  7 rats
381 creatures vanquished.

Vanquished Creatures (collateral kills)
  2 vampire mosquitoes (D:13)
2 creatures vanquished.

Vanquished Creatures (others)
  A slave (D:6)
  An electric eel (D:13)
  An orc wizard (D:11)
  An adder (D:6)
  A white imp (D:13)
  A kobold (D:13)
  2 fungi (D:11)
8 creatures vanquished.

Grand Total: 391 creatures vanquished

Notes
Turn   | Place    | Note
-------+----------+-------------------------------------------
     0 | D:1      | Borgoz the Gargoyle Enchanter began the quest for the Orb.
     0 | D:1      | Reached XP level 1. HP: 10/10 MP: 3/3
   286 | D:1      | Reached XP level 2. HP: 15/15 MP: 5/5
   595 | D:1      | Reached skill level 1 in Short Blades
   669 | D:1      | Reached XP level 3. HP: 16/19 MP: 6/6
   833 | D:2      | Reached skill level 4 in Stealth
   929 | D:2      | Reached XP level 4. HP: 13/24 MP: 7/7
  1092 | D:2      | Found a hazy altar of Hepliaklqana.
  1460 | D:3      | Noticed a necrophage
  1479 | D:3      | HP: 1/24 [necrophage (1)]
  1787 | D:3      | Found a radiant altar of Vehumet.
  1815 | D:3      | Learned a level 2 spell: Ensorcelled Hibernation
  1819 | D:3      | Learned a level 3 spell: Confuse
  1856 | D:3      | Reached skill level 1 in Fighting
  1875 | D:3      | Found a white marble altar of Elyvilon.
  2065 | D:3      | Reached XP level 5. HP: 29/29 MP: 5/8
  2209 | D:3      | Killed a necrophage
  2374 | D:4      | Reached skill level 5 in Stealth
  2374 | D:4      | Reached XP level 6. HP: 35/35 MP: 9/9
  2708 | D:4      | Reached XP level 7. HP: 36/40 MP: 10/10
  2753 | D:4      | Found a sand-covered staircase.
  2758 | Ossuary  | Entered an ossuary
  3847 | D:4      | Found a shimmering altar of Xom.
  3862 | D:4      | Reached skill level 5 in Short Blades
  4180 | D:5      | Entered Level 5 of the Dungeon
  4205 | D:5      | Reached XP level 8. HP: 45/45 MP: 0/11
  4499 | D:5      | Reached skill level 6 in Stealth
  4917 | D:5      | Found a basalt altar of Yredelemnul.
  5268 | D:5      | Found a glowing golden altar of the Shining One.
  5365 | D:6      | Reached skill level 7 in Stealth
  5430 | D:6      | Reached XP level 9. HP: 48/51 MP: 9/12
  5463 | D:6      | Found an iron altar of Okawaru.
  5534 | D:6      | Noticed Pikel
  5541 | D:6      | Killed Pikel
  5541 | D:6      | Reached skill level 5 in Hexes
  5621 | D:6      | Found a bloodstained altar of Trog.
  5823 | D:6      | Found a staircase to the Ecumenical Temple.
  5838 | D:6      | Noticed Eustachio
  5848 | D:6      | Killed Eustachio
  5848 | D:6      | Reached skill level 8 in Stealth
  6673 | D:7      | Reached skill level 9 in Stealth
  6996 | D:6      | Found an ancient bone altar of Kikubaaqudgha.
  6996 | D:6      | Found a burning altar of Makhleb.
  7084 | D:7      | Found a transporter.
  7340 | D:7      | Found a transporter.
  7355 | D:7      | Reached XP level 10. HP: 56/56 MP: 0/13
  7477 | D:7      | Reached skill level 5 in Dodging
  7925 | D:8      | Found a blossoming altar of Fedhas.
  7936 | D:8      | Found a stormy altar of Qazlal.
  8096 | D:8      | Reached skill level 10 in Stealth
  8145 | D:8      | Found a bloodstained altar of Trog.
  8280 | D:8      | Found a shattered altar of Ashenzari.
  8280 | D:8      | Noticed a deep elf mage
  8284 | D:8      | Killed a deep elf mage
  8360 | D:8      | Found a snail-covered altar of Cheibriados.
  8507 | D:9      | Found Miket's Gadget Shoppe.
  8593 | D:9      | Found Ocrukhok's Gadget Shoppe.
  8631 | D:9      | Found Nuwkon's Antique Weapon Shop.
  8846 | D:9      | Reached skill level 11 in Stealth
  8847 | D:9      | Found Toul's Book Shop.
  9054 | D:9      | Reached XP level 11. HP: 54/62 MP: 8/14
  9222 | D:9      | Reached skill level 5 in Fighting
  9667 | D:10     | Entered Level 10 of the Dungeon
 10210 | D:10     | Found a staircase to the Orcish Mines.
 10690 | D:11     | Reached skill level 1 in Armour
 10741 | D:11     | Noticed Harold
 10790 | D:11     | Killed Harold
 10790 | D:11     | Reached skill level 12 in Stealth
 11229 | D:11     | Found a staircase to the Lair.
 11508 | D:12     | Noticed Gastronok
 11635 | D:12     | Noticed Urug
 11645 | D:12     | Killed Urug
 11755 | D:12     | Noticed a deep elf mage
 11795 | D:12     | Killed a deep elf mage
 11987 | D:12     | Noticed a cyclops
 11991 | D:12     | Killed a cyclops
 11991 | D:12     | Reached XP level 12. HP: 69/69 MP: 15/15
 12109 | D:12     | Killed Gastronok
 12326 | D:13     | Reached skill level 13 in Stealth
 12481 | D:13     | Noticed an eight-headed hydra
 12555 | D:13     | Killed an eight-headed hydra
 12555 | D:13     | Reached skill level 1 in Evocations
 12576 | D:13     | Noticed a centaur warrior
 12629 | D:13     | Found a frozen archway.
 12652 | IceCv    | Entered an ice cave
 12780 | IceCv    | Noticed a death yak
 12811 | IceCv    | Killed a death yak
 13679 | IceCv    | Gained mutation: You are partially covered in slimy green
                  | scales. (AC +2) [potion of mutation]
 13679 | IceCv    | Gained mutation: Armour fits poorly on your strangely
                  | shaped body. [potion of mutation]
 13679 | IceCv    | Gained mutation: You have an increased reservoir of magic.
                  | (+10% MP) [potion of mutation]
 13814 | IceCv    | Reached XP level 13. HP: 24/76 MP: 17/17
 13889 | IceCv    | Reached skill level 14 in Stealth
 13968 | IceCv    | Slain by a polar bear

Skill      XL: |  1  2  3  4  5  6  7  8  9 10 11 12 13 |
---------------+----------------------------------------+-----
Hexes          | 3 4 5 6 7 8 9 |  9.0
Short Blades   | 1 2 3 5 6 7 8 9 |  9.8
Stealth        | 4 5 7 9 11 12 13 14 | 14.1
Dodging        | 2 3 4 5 6 7 |  7.5
Fighting       | 1 2 3 4 5 6 7 |  7.0
Armour         | 2 3 |  3.6
Evocations     | 1 |  1.1
Spellcasting   | |  2.1

Action                   |  1- 3 |  4- 6 |  7- 9 | 10-12 | 13-15 || total
-------------------------+-------+-------+-------+-------+-------++-------
Melee: Dagger            |   100 |   211 |   598 |  1719 |    62 ||  2690
 Cast: Corona            |     1 |    10 |     4 |    39 |     2 ||    56
       Ensorcelled Hiber |       |     1 |    70 |   100 |     8 ||   179
       Confuse           |       |       |       |    11 |       ||    11
Evoke: Wand              |       |       |     3 |     5 |     1 ||     9
  Use: Potion            |       |     2 |     1 |    10 |     1 ||    14
       Scroll            |       |     7 |       |    17 |       ||    24
 Stab: Sleeping          |     7 |     9 |    45 |    77 |     5 ||   143
       Invisible         |       |       |       |    16 |       ||    16
       Confused          |       |       |       |     7 |       ||     7
  Eat: Chunk             |       |     5 |    14 |    25 |       ||    44
       Ration            |       |       |     2 |     4 |     1 ||     7
Armor: Robe              |    20 |    61 |   179 |   147 |       ||   407
       Skin              |       |       |    16 |       |       ||    16
       Troll leather arm |       |       |       |   393 |    26 ||   419
Dodge: Dodged            |    55 |    85 |   312 |   979 |    30 ||  1461
       Deflected         |       |       |       |    21 |       ||    21
